AoeStats
← Dr. Mókus

Arena

509125112Analyzed
1v1 RM · 8d ago on Sep 25, 2026· 40m 19s· 2 players
Game mode
Random Map
Map size
Tiny (2 player)
Population
200
Speed
Normal
Resources
Standard
Victory
Conquest
Starting age
Dark Age
Ending age
Imperial Age
RankedLock teamsTeams togetherTeam positionsShared explorationLock speedFull tech treeHidden civsTurbo modeCheats
Victory
Defeat
🇭🇺 Franks · Hungary
978
+17
995
-17
Dr. Mókus
11:09 Feudal Age
11:35 Double-Bit Axe
17:44 Castle Age
20:03 Wheelbarrow
19:24 Gold Mining
19:46 Bow Saw
21:03 Scale Barding Armor
22:11 Gold Shaft Mining
22:07 Husbandry
22:39 Forging
22:43 Fletching
23:37 Hand Cart
23:11 Town Watch
27:36 Iron Casting
28:01 Chain Barding Armor
33:43 Imperial Age
33:43 Devotion
33:58 Cavalier
35:16 Plate Barding Armor
36:32 Paladin
Schweindals | LordN00bius
11:01 Feudal Age
12:31 Double-Bit Axe
18:55 Castle Age
19:04 Fletching
19:06 Loom
20:28 Bow Saw
20:24 Bodkin Arrow
21:04 Horse Collar
24:06 Sanctity
23:45 Pikeman
28:52 Scale Mail Armor
29:03 Forging
31:48 Wheelbarrow
34:17 Imperial Age
31:56 Town Watch
32:16 Heavy Plow
33:42 Chain Mail Armor
35:31 Block Printing
36:05 Conscription
36:33 Bracer
Connection lost

Rejoining the realm…

Still unreachable

The connection could not be restored.

Session expired

The server has moved on; the page needs a fresh start.